 Dungeon Crawl Stone Soup version 0.21.0 (webtiles) character file.

145 Timinator the Ducker (level 5, -1/41 HPs)
             Began as a Vampire Monk on Mar 10, 2018.
             Was a Believer of Okawaru.
             Slain by a gnoll
             ... wielding a +0 spear
              (9 damage)
             ... on level 3 of the Dungeon.
             The game lasted 00:25:18 (2125 turns).

Timinator the Ducker (Vampire Monk)                 Turns: 2125, Time: 00:25:19

Health: -1/41      AC:  5    Str: 10    XL:     5   Next: 6%
Magic:  6/7        EV: 14    Int: 13    God:    Okawaru [**....]
Gold:   147        SH:  0    Dex: 17    Spells: 6/7 levels left

rFire    + . .     SeeInvis +     - Unarmed
rCold    + . .     Gourm    .   (no shield)
rNeg     . . .     Faith    .   a - +0 robe
rPois    .         Spirit   .   (no helmet)
rElec    .         Reflect  .   g - scarf {rC+ rF+}
rCorr    .         Harm     .   l - +2 pair of gloves
MR       .....                  (no boots)
Stlth    ++........             (no amulet)
HPRegen  0.33/turn              (no ring)
MPRegen  0.10/turn              (no ring)

@: regenerating quickly
A: fangs 3, see invisible, unbreathing
a: Heroism, Renounce Religion


You were on level 3 of the Dungeon.
You worshipped Okawaru.
Okawaru was pleased with you.
You were full.

You visited 1 branch of the dungeon, and saw 3 of its levels.

You collected 147 gold pieces.

Inventory:

Armour
 a - a +0 robe (worn)
 g - a scarf of resistance (worn)
 l - a +2 pair of gloves (worn)
Wands
 j - a wand of random effects (17)
Scrolls
 d - a scroll of teleportation
 i - 2 scrolls of enchant weapon
Potions
 b - 16 potions of blood
 c - a potion of degeneration {unknown}
 e - 2 potions of flight {unknown}
 f - a potion of might {unknown}
 h - a potion of mutation {unknown}
 k - 2 potions of brilliance
 o - a potion of curing {unknown}
 p - a potion of lignification
Books
 n - a book of Misfortune

   Spells                             Type                      Level
   a - Confusing Touch                Hexes                        1
   b - Confuse                        Hexes                        3
   c - Gell's Gravitas                Translocation                3
   d - Petrify                        Transmutation/Earth          4
   e - Metabolic Englaciation         Hexes/Ice                    5
   f - Yara's Violent Unravelling     Hexes/Transmutation          5


   Skills:
 + Level 3.4 Fighting
 + Level 4.1 Dodging
 - Level 3.0 Stealth
 + Level 4.1 Unarmed Combat
 + Level 1.8 Spellcasting
 + Level 2.2 Hexes


You had 6 spell levels left.
You knew the following spells:

 Your Spells              Type           Power        Failure   Level  Hunger
a - Confusing Touch       Hex            #.....       11%         1    ##.....


Dungeon Overview and Level Annotations

Branches:
Dungeon (3/15)

Altars:
Okawaru
Yredelemnul


Innate Abilities, Weirdness & Mutations

Your natural rate of healing is unusually fast.
You have razor-sharp teeth.
You have supernaturally acute eyesight. (SInv)
You can survive without breathing.


Message History

The gnoll completely misses you.
Unknown command.
The gnoll completely misses you. The gnoll hits you but does no damage.
You see here a spear.
You completely miss the gnoll.
The gnoll hits you from afar with a spear.
The gnoll hits you with a spear!
You hit the gnoll but do no damage. You bite the gnoll, but do no damage.
The gnoll hits you from afar with a spear.
The gnoll misses you.
You barely miss the gnoll.
The gnoll hits you from afar with a spear!
* * * LOW HITPOINT WARNING * * *
The gnoll hits you with a spear.
* * * LOW HITPOINT WARNING * * *
The gnoll closely misses you.
You feel like a meek peon again.
Found a stone staircase leading down.
The gnoll hits you from afar with a spear!
You die...

.. #...........>. #... ...
##..#........... #.## ...###..
#......... #.# #.....###.......
#.# #........#.# #.# #!.........#
#.# ##.## ..####.....g....##
####.# #..## [....).......gg..#
#....###.###
######.........#@#####.#......###
#.?..................#####..
#....................##.....
######..................#........
..>....................<....##.##
#.......................#.###..#
........#.#.#.............###.##
..#####.......#...........##..# .
#...#.###.........#..#)##


You could see 3 gnolls.

Vanquished Creatures
  An orc wizard (D:3)
  Ijyb (D:3)
  Terence (D:3)
  A gnoll (D:3)
  2 worms (D:2)
  4 orcs (D:3)
  5 giant cockroaches
  7 goblins
  5 hobgoblins
  7 bats
  3 frilled lizards
  6 kobolds
  8 rats
51 creatures vanquished.

Notes
Turn   | Place    | Note
-------+----------+-------------------------------------------
     0 | D:1      | Timinator the Vampire Monk began the quest for the Orb.
     0 | D:1      | Reached XP level 1. HP: 17/17 MP: 1/1
   291 | D:1      | Reached XP level 2. HP: 23/23 MP: 2/2
  1125 | D:2      | Reached skill level 1 in Spellcasting
  1258 | D:2      | Reached XP level 3. HP: 19/29 MP: 4/4
  1326 | D:2      | Learned a level 1 spell: Confusing Touch
  1550 | D:2      | Found a basalt altar of Yredelemnul.
  1746 | D:3      | Noticed Terence
  1776 | D:3      | Reached skill level 1 in Hexes
  1776 | D:3      | Reached XP level 4. HP: 35/35 MP: 3/6
  1885 | D:3      | Noticed Ijyb
  1963 | D:3      | Killed Ijyb
  1989 | D:3      | Found an iron altar of Okawaru.
  1993 | D:3      | Became a worshipper of Warmaster Okawaru
  1993 | D:3      | Reached * piety under Okawaru
  1993 | D:3      | Reached ** piety under Okawaru
  2020 | D:3      | Killed Terence
  2109 | D:3      | Reached XP level 5. HP: 27/41 MP: 4/7
  2125 | D:3      | Slain by a gnoll

Skill      XL: |  1  2  3  4 |
---------------+-------------+-----
Fighting       | 3 |  3.4
Spellcasting   | 1 |  1.8
Hexes          | 1 2 |  2.2
Dodging        | 4 |  4.1
Unarmed Combat | 4 |  4.1
Stealth        | |  3.0

Action                   |  1- 3 |  4- 6 || total
-------------------------+-------+-------++-------
Melee: Unarmed           |   128 |    88 ||   216
       Bite              |    10 |    16 ||    26
       Punch             |     2 |       ||     2
 Cast: Confusing Touch   |       |     5 ||     5
Invok: Heroism           |       |     2 ||     2
 Abil: Bat Form          |     1 |     1 ||     2
  Use: Potion            |     5 |     4 ||     9
       Scroll            |     2 |     3 ||     5
 Stab: Sleeping          |    10 |       ||    10
       Confused          |       |     5 ||     5
  Eat: Corpse            |     6 |       ||     6
Armor: Robe              |    24 |    20 ||    44
       Skin              |     8 |    18 ||    26
Dodge: Dodged            |    62 |    60 ||   122
